 Dungeon Crawl Stone Soup version 0.27-a0-1529-g1e82c303ef (webtiles) character file.

Game seed: 3382662159346248242

61 wakim the Sneak (level 4, -5/24 HPs)
             Began as a Kobold Enchanter on July 12, 2021.
             Slain by a mummy (18 damage)
             ... in an ossuary.
             The game lasted 00:05:51 (2154 turns).

wakim the Sneak (Kobold Enchanter)                  Turns: 2154, Time: 00:05:51

Health: -5/24      AC:  3    Str:  5    XL:     4   Next: 27%
Magic:  5/7        EV: 15    Int: 16    God:
Gold:   66         SH:  0    Dex: 16    Spells: 1/7 levels left

rFire    . . .     SeeInvis .   a - +1 dagger (venom)
rCold    . . .     Faith    .   (shield restricted)
rNeg     . . .     Spirit   .   e - +0 robe
rPois    .         Reflect  .   g - +0 helmet
rElec    .         Harm     .   (no cloak)
rCorr    .         Rampage  .   (no gloves)
Will     .....                  (no boots)
Stlth    ++++......             (no amulet)
HPRegen  0.08/turn              (no ring)
MPRegen  0.10/turn              (no ring)

@: no status effects
A: small, no large weapons, nightstalker 3
a: no special abilities


You were in an ossuary.
You visited 1 branch of the dungeon, and saw 3 of its levels.
You also visited: Ossuary.

You collected 66 gold pieces.

Inventory:

Hand Weapons
 a - a +1 dagger of venom (weapon)
Armour
 e - a +0 robe (worn)
 g - a +0 helmet (worn)
 i - a +0 leather armour
Scrolls
 j - a scroll of identify {unknown}
 k - a scroll of enchant armour {unknown}
Potions
 b - a potion of flight {unknown}
 c - a potion of heal wounds {unknown}
 d - a potion of curing {unknown}
 f - a potion of experience {unknown}
 h - a potion of brilliance {unknown}


   Skills:
 + Level 2.9 Short Blades
 - Level 2.7 Dodging
 - Level 4.2 Stealth
 - Level 2.1 Spellcasting
 * Level 3.7 Hexes
 * Level 1.3 Ice Magic


You had one spell level left.
You knew the following spells:

 Your Spells              Type           Power      Damage    Failure   Level
a - Corona                Hex            14%        N/A       4%          1
b - Confusing Touch       Hex            13%        N/A       13%         3
x - Ensorcelled Hibernat  Hex/Ice        18%        N/A       11%         2

Your spell library contained the following spells:

 Spells                   Type           Power      Damage    Failure   Level
 Tukima's Dance           Hex            13%        N/A       13%         3
 Dazzling Flash           Conj/Hex       14%        N/A       28%         3


Dungeon Overview and Level Annotations

Branches:
Dungeon (2/15)            Ossuary (1/1)

Altars:
Nemelex Xobeh


Innate Abilities, Weirdness & Mutations

You are small and have problems with some larger weapons.
You are completely attuned to the shadows.


Message History

The mummy moves out of view.
This spell is quite dangerous to cast!
Memorise Confusing Touch, consuming 3 spell levels and leaving 1?
You start memorising the spell.
You continue memorising. x2
HP restored.
You continue memorising.
You finish memorising.
Spell assigned to 'b'.
Casting: Corona (safe; 4% risk of failure)
Confirm with . or Enter, or press ? or * to list all spells.
Okay, then.
Casting: Corona (safe; 4% risk of failure)
Confirm with . or Enter, or press ? or * to list all spells.
The spell is quite dangerous to cast (13% risk of failure)!
Continue anyway?
Your hands begin to glow red.
The mummy closely misses you.
You hit the mummy but do no damage. You hit the mummy but do no damage.
The mummy appears confused.
You hit the mummy.
The mummy is lightly damaged.
You hit the mummy but do no damage.
The mummy is lightly damaged.
There is an open door here.
You hit the mummy.
The mummy is lightly damaged.
The mummy completely misses you.
You hit the mummy but do no damage.
The mummy is lightly damaged.
You hit the mummy.
The mummy is lightly damaged.
You hit the mummy.
The mummy is moderately damaged.
The mummy hits you!
Ouch! That really hurt!
* * * LOW HITPOINT WARNING * * *
You hit the mummy.
The mummy is moderately damaged.
You hit the mummy but do no damage.
The mummy is moderately damaged.
The mummy hits you!!
Ouch! That really hurt!
You die...

### ##'##
#∩###...#
#..'....+
#∩###...#
### ##'##
#.# #.##
#..## +#
##M@##...
##.'..!.
####...
+#


You could see a mummy (confused).

Vanquished Creatures
  A hound skeleton (D:4)
  A worm (D:2)
  3 dart slugs (D:1)
  An endoplasm (D:2)
  2 giant cockroaches
  3 goblins
  6 hobgoblins
  4 jackals
  7 kobolds
  A quokka (D:1)
  A ball python (D:1)
  A bat (D:1)
  3 frilled lizards (D:1)
  2 gnoll skeletons (Ossuary)
  A goblin skeleton (Ossuary)
37 creatures vanquished.

Notes
Turn   | Place    | Note
-------+----------+-------------------------------------------
     0 | D:1      | wakim the Kobold Enchanter began the quest for the Orb.
     0 | D:1      | Reached XP level 1. HP: 10/10 MP: 3/3
   202 | D:1      | Reached XP level 2. HP: 15/15 MP: 5/5
   302 | D:1      | Found a faded altar of an unknown god.
   906 | D:1      | Reached XP level 3. HP: 12/19 MP: 6/6
  1073 | D:1      | Learned a level 2 spell: Ensorcelled Hibernation
  1390 | D:2      | Found a sparkling altar of Nemelex Xobeh.
  2033 | D:2      | Reached skill level 1 in Ice Magic
  2065 | D:2      | You fall into a shaft and drop 2 floors!
  2069 | D:4      | Reached XP level 4. HP: 24/24 MP: 7/7
  2102 | D:4      | Found a sand-covered staircase.
  2107 | Ossuary  | Entered an ossuary
  2142 | Ossuary  | Learned a level 3 spell: Confusing Touch
  2154 | Ossuary  | Slain by a mummy

Illustrated notes

Levels and vault maps discovered:
D:1:      lightli_arrival_lavapool, layout_basic, basic_ecumenical_altar,
          minmay_tetromino_l4
D:2:      layout_basic, basic_altar
D:4:      layout_gridville, overflow_temple_1_default, lemuel_doored_altar,
          enter_ossuary_5, uniq_robin
Ossuary:  ossuary_due_small_catacomb

Skill      XL: |  1  2  3 |
---------------+----------+-----
Short Blades   | 2 |  2.9
Ice Magic      | 1 |  1.3
Dodging        | |  2.7
Stealth        | |  4.2
Spellcasting   | |  2.1
Hexes          | |  3.7

Action                   |  1- 3 |  4- 6 || total
-------------------------+-------+-------++-------
Melee: Dagger            |    79 |    19 ||    98
 Cast: Corona            |     8 |       ||     8
       Confusing Touch   |       |     1 ||     1
  Use: Scroll            |     3 |       ||     3
 Stab: Sleeping          |    13 |     3 ||    16
Armor: Robe              |     8 |       ||     8
       Leather armour    |     1 |       ||     1
Dodge: Dodged            |    45 |     5 ||    50

Table legend: (Time is in decaauts)
 A = Elapsed time spent in this place.
 B = Non-inter-level travel time spent in this place.
 C = Inter-level travel time spent in this place.
 D = Time resting spent in this place.
 E = Time spent auto-exploring this place.
 F = Levels seen in this place.
 G = Mean time per level.
                   A        B        C        D        E       F      G
               +--------+--------+--------+--------+--------+-----+--------+
         Total |   2142 |   2082 |     60 |      0 |   1646 |   4 |  535.5 |
       Dungeon |   2097 |   2037 |     60 |      0 |   1646 |   3 |  699.0 |
       Ossuary |     44 |     44 |      0 |      0 |      0 |   1 |   44.0 |
               +--------+--------+--------+--------+--------+-----+--------+

Top non-repeatable levels by time:
     D:1: 1240 daAuts
     D:2: 815 daAuts
 Ossuary: 44 daAuts
     D:4: 41 daAuts
